TOP OF THE 1ST |
Miami (APP) Marlins batting - Pitching for Chicago (APP) Cubs : RHP Anastagio Fasola
|
Pitching: RHP Anastagio Fasola
|
|
Batting: LHB Orlando Rivera
|
0-0: Ball 1-0: Ball 2-0: Swinging Strike 2-1: Foul Ball, location: 2F 2-2: Foul Ball, location: 2F 2-2: Ball 3-2: Strikes out looking
|
Batting: RHB Robbie Gomez
|
0-0: Ball 1-0: Ball 2-0: Ball 3-0: Base on Balls
|
Batting: LHB Dong-u Chang
|
0-0: Ball 1-0: Called Strike 1-1: Grounds into double play, 6-4-3 (Groundball, 6, EV 93.8 MPH)
|
Top of the 1st over - 0 runs, 0 hits, 0 errors, 0 left on base; Miami (APP) 0 - Chicago (APP) 0 |
BOTTOM OF THE 1ST |
Chicago (APP) Cubs batting - Pitching for Miami (APP) Marlins : RHP Cliff Peters
|
Pitching: RHP Cliff Peters
|
|
Batting: RHB Adrian Cox
|
0-0: Foul Ball, location: 2F 0-1: Swinging Strike 0-2: Ball 1-2: Strikes out looking
|
Batting: RHB Dave de Wolff
|
0-0: Ball 1-0: Ball 2-0: Called Strike 2-1: Ball 3-1: Base on Balls
|
Batting: RHB Mike Stein
|
0-0: Called Strike 0-1: Ball 1-1: Foul Ball, location: 2F 1-2: Foul Ball, location: 2F 1-2: Strikes out looking
|
Batting: RHB Dustin Goldsborough
|
0-0: Called Strike Dave de Wolff steals 2nd base 0-1: Foul Ball, location: 2F 0-2: Ball 1-2: Foul Ball, location: 2F 1-2: Strikes out swinging
|
Bottom of the 1st over - 0 runs, 0 hits, 0 errors, 1 left on base; Miami (APP) 0 - Chicago (APP) 0 |
TOP OF THE 2ND |
Miami (APP) Marlins batting - Pitching for Chicago (APP) Cubs : RHP Anastagio Fasola
|
Batting: RHB David Martin
|
0-0: Ball 1-0: Swinging Strike 1-1: Ground out 5-3 (Groundball, 5, EV 101.9 MPH)
|
Batting: SHB Greg Rivera
|
0-0: Ball 1-0: Foul Ball, location: 2F 1-1: Called Strike 1-2: Ball 2-2: Ball 3-2: Strikes out swinging
|
Batting: RHB Alberto Bravo
|
0-0: Called Strike 0-1: Ball 1-1: Foul Ball, location: 2F 1-2: Ball 2-2: Foul Ball, location: 2F 2-2: Fly out, F4 (Popup, 34S, EV 70.0 MPH)
|
Top of the 2nd over - 0 runs, 0 hits, 0 errors, 0 left on base; Miami (APP) 0 - Chicago (APP) 0 |
BOTTOM OF THE 2ND |
Chicago (APP) Cubs batting - Pitching for Miami (APP) Marlins : RHP Cliff Peters
|
Batting: RHB Andy Baumhardt
|
0-0: Ball 1-0: Called Strike 1-1: Ball 2-1: Foul Ball, location: 2F 2-2: Foul Ball, location: 2F 2-2: Ground out 5-3 (Groundball, 56, EV 103.1 MPH)
|
Batting: LHB Tom Mooney
|
0-0: Ball 1-0: Ball 2-0: Ball 3-0: Base on Balls
|
Pitching: RHP Danny Alvarez
|
|
Batting: RHB Roberto Cruz
|
0-0: Sac Bunt to 3S - play at first, batter OUT! 3-1 Tom Mooney to second
|
Batting: RHB Jorge Gonzalez
|
0-0: Ball 1-0: Foul Ball, location: 2F 1-1: SINGLE (Groundball, 25, EV 66.2 MPH) (infield hit) Tom Mooney to third
|
Batting: SHB Rob Craft
|
0-0: Ball Wild Pitch! Tom Mooney scores Jorge Gonzalez to second 1-0: Ball 2-0: Ball 3-0: Called Strike 3-1: Base on Balls
|
Batting: RHB Adrian Cox
|
0-0: Ground out 1-3 (Groundball, P, EV 66.9 MPH)
|
Bottom of the 2nd over - 1 run, 1 hit, 0 errors, 2 left on base; Miami (APP) 0 - Chicago (APP) 1 |
TOP OF THE 3RD |
Miami (APP) Marlins batting - Pitching for Chicago (APP) Cubs : RHP Anastagio Fasola
|
Batting: RHB Axel Moltke
|
0-0: Ball 1-0: Ball 2-0: Ball 3-0: Called Strike 3-1: Called Strike 3-2: Foul Ball, location: 2F 3-2: Base on Balls
|
Batting: RHB Torquato Uso
|
0-0: Called Strike 0-1: Called Strike 0-2: 2-RUN HOME RUN (Flyball, 9D, EV 96.9 MPH), Distance : 382 ft
|
Batting: RHB Terrell Smith
|
0-0: Foul Ball, location: 2F 0-1: Foul Ball, location: 2F 0-2: Strikes out swinging
|
Batting: LHB Orlando Rivera
|
0-0: Called Strike 0-1: Ball 1-1: Swinging Strike 1-2: Foul Ball, location: 2F 1-2: Foul Ball, location: 2F 1-2: Ball 2-2: Strikes out swinging
|
Batting: RHB Robbie Gomez
|
0-0: Ball 1-0: Foul Ball, location: 2F 1-1: Ball 2-1: Swinging Strike 2-2: Foul Ball, location: 2F 2-2: Foul Ball, location: 2F 2-2: Foul Ball, location: 2F 2-2: Ball 3-2: Foul Ball, location: 2F 3-2: Foul Ball, location: 2F 3-2: Base on Balls
|
Batting: LHB Dong-u Chang
|
0-0: Ball 1-0: Called Strike Robbie Gomez steals 2nd base 1-1: Ball 2-1: Ball 3-1: Foul Ball, location: 2F 3-2: Base on Balls
|
Batting: RHB David Martin
|
0-0: Called Strike 0-1: 3-RUN HOME RUN (Flyball, 7LD, EV 93.8 MPH), Distance : 356 ft
|
Batting: SHB Greg Rivera
|
0-0: Swinging Strike 0-1: Ball 1-1: SINGLE (Line Drive, 56D, EV 103.8 MPH)
|
Batting: RHB Alberto Bravo
|
0-0: Ball 1-0: SINGLE (Line Drive, 4D, EV 102.5 MPH) Greg Rivera to second Runner from 2nd tries for 3rd, SAFE, no throw by CF
|
Batting: RHB Axel Moltke
|
0-0: Ball 1-0: Called Strike 1-1: SINGLE (Groundball, 4MD, EV 101.2 MPH) Greg Rivera scores Alberto Bravo to second Runner from 2nd tries for 3rd, OUT! 8-5
|
Top of the 3rd over - 6 runs, 5 hits, 0 errors, 1 left on base; Miami (APP) 6 - Chicago (APP) 1 |
BOTTOM OF THE 3RD |
Chicago (APP) Cubs batting - Pitching for Miami (APP) Marlins : RHP Danny Alvarez
|
Batting: RHB Dave de Wolff
|
0-0: Called Strike 0-1: Called Strike 0-2: Fly out, F8 (Line Drive, 8LM, EV 88.1 MPH)
|
Batting: RHB Mike Stein
|
0-0: Ball 1-0: Ball 2-0: Fly out, F9 (Line Drive, 89S, EV 101.2 MPH)
|
Batting: RHB Dustin Goldsborough
|
0-0: Ball 1-0: Called Strike 1-1: Ball 2-1: Foul Ball, location: 2F 2-2: Strikes out swinging
|
Bottom of the 3rd over - 0 runs, 0 hits, 0 errors, 0 left on base; Miami (APP) 6 - Chicago (APP) 1 |
TOP OF THE 4TH |
Miami (APP) Marlins batting - Pitching for Chicago (APP) Cubs : RHP Anastagio Fasola
|
Batting: RHB Torquato Uso
|
0-0: Ball 1-0: SOLO HOME RUN (Flyball, 89XD, EV 113.1 MPH), Distance : 443 ft
|
Pitching: LHP Jerry Tyson
|
|
Batting: RHB Terrell Smith
|
0-0: Ball 1-0: Ball 2-0: Ground out 4-3 (Groundball, 4, EV 86.2 MPH)
|
Batting: LHB Orlando Rivera
|
0-0: Called Strike 0-1: Called Strike 0-2: Foul Ball, location: 2F 0-2: Ground out U3 (Groundball, 3, EV 90.6 MPH)
|
Batting: RHB Robbie Gomez
|
0-0: Called Strike 0-1: Ball 1-1: Foul Ball, location: 2F 1-2: Ball 2-2: Ball 3-2: Fly out, F9 (Flyball, 89S, EV 85.0 MPH)
|
Top of the 4th over - 1 run, 1 hit, 0 errors, 0 left on base; Miami (APP) 7 - Chicago (APP) 1 |
BOTTOM OF THE 4TH |
Chicago (APP) Cubs batting - Pitching for Miami (APP) Marlins : RHP Danny Alvarez
|
Batting: RHB Andy Baumhardt
|
0-0: Ball 1-0: Foul Ball, location: 2F 1-1: Called Strike 1-2: Strikes out looking
|
Batting: LHB Tom Mooney
|
0-0: Foul Ball, location: 2F 0-1: Ground out 4-3 (Groundball, 4, EV 81.9 MPH)
|
Batting: RHB Roberto Cruz
|
0-0: Swinging Strike 0-1: Swinging Strike 0-2: Ball 1-2: Ball 2-2: Strikes out swinging
|
Bottom of the 4th over - 0 runs, 0 hits, 0 errors, 0 left on base; Miami (APP) 7 - Chicago (APP) 1 |
TOP OF THE 5TH |
Miami (APP) Marlins batting - Pitching for Chicago (APP) Cubs : LHP Jerry Tyson
|
Batting: LHB Dong-u Chang
|
0-0: Called Strike 0-1: Fly out, F7 (Line Drive, 7S, EV 100.6 MPH)
|
Batting: RHB David Martin
|
0-0: Swinging Strike 0-1: Ball 1-1: Ball 2-1: Foul Ball, location: 2F 2-2: Strikes out looking
|
Batting: SHB Greg Rivera
|
0-0: Ball 1-0: Swinging Strike 1-1: Ball 2-1: Ground out U3 (Groundball, 34S, EV 68.1 MPH)
|
Top of the 5th over - 0 runs, 0 hits, 0 errors, 0 left on base; Miami (APP) 7 - Chicago (APP) 1 |
BOTTOM OF THE 5TH |
Chicago (APP) Cubs batting - Pitching for Miami (APP) Marlins : RHP Danny Alvarez
|
Batting: RHB Jorge Gonzalez
|
0-0: Fly out, F8 (Flyball, 89M, EV 93.1 MPH)
|
Pitching: RHP Aidan Mitchell
|
|
Batting: SHB Rob Craft
|
0-0: Called Strike 0-1: Called Strike 0-2: Strikes out looking
|
Batting: RHB Adrian Cox
|
0-0: Fly out, F8 (Line Drive, 89D, EV 95.0 MPH)
|
Bottom of the 5th over - 0 runs, 0 hits, 0 errors, 0 left on base; Miami (APP) 7 - Chicago (APP) 1 |
TOP OF THE 6TH |
Miami (APP) Marlins batting - Pitching for Chicago (APP) Cubs : LHP Jerry Tyson
|
Batting: RHB Alberto Bravo
|
0-0: Foul Ball, location: 2F 0-1: Called Strike 0-2: Foul Ball, location: 2F 0-2: Ground out 5-3 (Groundball, 5L, EV 75.6 MPH)
|
Batting: RHB Axel Moltke
|
0-0: Called Strike 0-1: Ball 1-1: Swinging Strike 1-2: Foul Ball, location: 2F 1-2: Strikes out swinging
|
Batting: RHB Torquato Uso
|
0-0: Ball 1-0: Foul Ball, location: 2F 1-1: Ball 2-1: Foul Ball, location: 2F 2-2: Ground out U3 (Groundball, 3, EV 88.1 MPH)
|
Top of the 6th over - 0 runs, 0 hits, 0 errors, 0 left on base; Miami (APP) 7 - Chicago (APP) 1 |
BOTTOM OF THE 6TH |
Chicago (APP) Cubs batting - Pitching for Miami (APP) Marlins : RHP Aidan Mitchell
|
Batting: RHB Dave de Wolff
|
0-0: Ball 1-0: Swinging Strike 1-1: Swinging Strike 1-2: Strikes out swinging
|
Batting: RHB Mike Stein
|
0-0: Foul Ball, location: 2F 0-1: Ball 1-1: Fly out, F8 (Flyball, 89D, EV 101.9 MPH)
|
Batting: RHB Dustin Goldsborough
|
0-0: Ground out 5-3 (Groundball, 56, EV 100.6 MPH)
|
Bottom of the 6th over - 0 runs, 0 hits, 0 errors, 0 left on base; Miami (APP) 7 - Chicago (APP) 1 |
TOP OF THE 7TH |
Miami (APP) Marlins batting - Pitching for Chicago (APP) Cubs : LHP Jerry Tyson
|
Pitching: RHP Victor de Leon
|
|
Batting: RHB Terrell Smith
|
0-0: Foul Ball, location: 2F 0-1: Swinging Strike 0-2: Strikes out swinging
|
Batting: LHB Orlando Rivera
|
0-0: Fly out, F9 (Flyball, 9D, EV 98.1 MPH)
|
Batting: RHB Robbie Gomez
|
0-0: Ball 1-0: Swinging Strike 1-1: Ball 2-1: Foul Ball, location: 2F 2-2: Ball 3-2: Base on Balls
|
Batting: LHB Dong-u Chang
|
0-0: Called Strike Robbie Gomez steals 2nd, throwing error, E2 Robbie Gomez to third 0-1: Foul Ball, location: 2F 0-2: Ball 1-2: Strikes out swinging
|
Top of the 7th over - 0 runs, 0 hits, 1 error, 1 left on base; Miami (APP) 7 - Chicago (APP) 1 |
BOTTOM OF THE 7TH |
Chicago (APP) Cubs batting - Pitching for Miami (APP) Marlins : RHP Aidan Mitchell
|
Batting: RHB Andy Baumhardt
|
0-0: Reached on error, E6 (Groundball, 6D, EV 84.4 MPH)
|
Batting: LHB Tom Mooney
|
0-0: Bunt missed! 0-1: Sac Bunt to 15S - play at first, batter OUT! 1-3 Andy Baumhardt to second
|
Batting: RHB Roberto Cruz
|
0-0: Swinging Strike 0-1: Ball 1-1: Called Strike 1-2: Foul Ball, location: 2F 1-2: Strikes out swinging
|
Batting: RHB Jorge Gonzalez
|
0-0: Called Strike 0-1: Ball 1-1: Swinging Strike 1-2: Foul Ball, location: 2F 1-2: Strikes out swinging
|
Bottom of the 7th over - 0 runs, 0 hits, 1 error, 1 left on base; Miami (APP) 7 - Chicago (APP) 1 |
TOP OF THE 8TH |
Miami (APP) Marlins batting - Pitching for Chicago (APP) Cubs : RHP Victor de Leon
|
Batting: RHB David Martin
|
0-0: Ball 1-0: Ball 2-0: Ball 3-0: Base on Balls
|
Batting: SHB Greg Rivera
|
0-0: Ball 1-0: Ball Wild Pitch! David Martin to second 2-0: Called Strike 2-1: Ball Wild Pitch! David Martin to third 3-1: Swinging Strike 3-2: Foul Ball, location: 2F 3-2: Strikes out looking
|
Batting: RHB Alberto Bravo
|
0-0: Swinging Strike 0-1: Foul Ball, location: 2F 0-2: Ball 1-2: Ball 2-2: 2-RUN HOME RUN (Flyball, 78XD, EV 106.2 MPH), Distance : 426 ft
|
Pitching: RHP Scott Hanson
|
|
Batting: RHB Axel Moltke
|
0-0: Swinging Strike 0-1: Foul Ball, location: 2F 0-2: Ground out U3 (Groundball, 34S, EV 85.0 MPH)
|
Batting: RHB Torquato Uso
|
0-0: Called Strike 0-1: Ball 1-1: Ball 2-1: Swinging Strike 2-2: Foul Ball, location: 2F 2-2: Foul Ball, location: 2F 2-2: Foul Ball, location: 2F 2-2: Ground out 4-3 (Groundball, 4, EV 86.9 MPH)
|
Top of the 8th over - 2 runs, 1 hit, 0 errors, 0 left on base; Miami (APP) 9 - Chicago (APP) 1 |
BOTTOM OF THE 8TH |
Chicago (APP) Cubs batting - Pitching for Miami (APP) Marlins : RHP Aidan Mitchell
|
Batting: SHB Rob Craft
|
0-0: Ground out 6-3 (Groundball, 6M, EV 105.0 MPH)
|
Batting: RHB Adrian Cox
|
0-0: Called Strike 0-1: Ball 1-1: Swinging Strike 1-2: Strikes out swinging
|
Batting: RHB Dave de Wolff
|
0-0: Called Strike 0-1: Ball 1-1: Foul Ball, location: 2F 1-2: Strikes out swinging
|
Bottom of the 8th over - 0 runs, 0 hits, 0 errors, 0 left on base; Miami (APP) 9 - Chicago (APP) 1 |
TOP OF THE 9TH |
Miami (APP) Marlins batting - Pitching for Chicago (APP) Cubs : RHP Scott Hanson
|
Batting: RHB Terrell Smith
|
0-0: Ball 1-0: Ground out 6-3 (Groundball, 6, EV 83.8 MPH)
|
Batting: LHB Orlando Rivera
|
0-0: Ball 1-0: Called Strike 1-1: Ball 2-1: Ball 3-1: Base on Balls
|
Batting: RHB Robbie Gomez
|
0-0: Foul Ball, location: 2F 0-1: Ball 1-1: Foul Ball, location: 2F 1-2: SINGLE (Line Drive, 9S, EV 88.8 MPH) Orlando Rivera to second Throwing error, E9 Orlando Rivera scores Robbie Gomez to second
|
Batting: LHB Dong-u Chang
|
0-0: Called Strike 0-1: Ball 1-1: Ball 2-1: Called Strike 2-2: Foul Ball, location: 2F 2-2: Strikes out swinging
|
Batting: RHB David Martin
|
0-0: Reached on error, E5 (Groundball, 5, EV 80.6 MPH) Robbie Gomez scores
|
Batting: SHB Greg Rivera
|
0-0: Ball 1-0: Ball 2-0: Ball 3-0: Hit by Pitch
|
Pitching: RHP Dwight Bean
|
|
Batting: RHB Alberto Bravo
|
0-0: Ball 1-0: 3-RUN HOME RUN (Line Drive, 78XD, EV 115.0 MPH), Distance : 436 ft
|
Batting: RHB Axel Moltke
|
0-0: Ball 1-0: Ball 2-0: SOLO HOME RUN (Line Drive, 7D, EV 99.4 MPH), Distance : 402 ft
|
Batting: RHB Torquato Uso
|
0-0: Called Strike 0-1: Foul Ball, location: 2F 0-2: Ball 1-2: Foul Ball, location: 2F 1-2: Foul Ball, location: 2F 1-2: Strikes out swinging
|
Top of the 9th over - 6 runs, 3 hits, 2 errors, 0 left on base; Miami (APP) 15 - Chicago (APP) 1 |
BOTTOM OF THE 9TH |
Chicago (APP) Cubs batting - Pitching for Miami (APP) Marlins : RHP Aidan Mitchell
|
Batting: RHB Mike Stein
|
0-0: Called Strike 0-1: Swinging Strike 0-2: Foul Ball, location: 2F 0-2: Ground out 6-3 (Groundball, 6, EV 101.2 MPH)
|
Pitching: RHP Eric Schafer
|
|
Batting: RHB Dustin Goldsborough
|
0-0: Ball 1-0: Ball 2-0: Ball 3-0: Called Strike 3-1: Foul Ball, location: 2F 3-2: Foul Ball, location: 2F 3-2: Foul Ball, location: 2F 3-2: Fly out, F7 (Flyball, 7, EV 93.1 MPH)
|
Batting: RHB Andy Baumhardt
|
0-0: Ball 1-0: Ball 2-0: Called Strike 2-1: SINGLE (Groundball, 56D, EV 99.4 MPH)
|
Batting: LHB Tom Mooney
|
0-0: Ground out 4-3 (Groundball, 4D, EV 85.6 MPH)
|
Bottom of the 9th over - 0 runs, 1 hit, 0 errors, 1 left on base; Miami (APP) 15 - Chicago (APP) 1 |
|